[Event "44th Chess Olympiad Open 2022"]
[Site "Chennai"]
[Date "2022.07.29"]
[Round "1.69"]
[White "Zhakshylykov, Erzhan"]
[Black "da Conceicao, Marcos"]
[Result "1-0"]
[WhiteElo "2332"]
[BlackElo "1713"]
[Annotator "TA"]
[PlyCount "75"]
[EventDate "2022.??.??"]
[TimeControl "60"]

1. d4 c6 2. c4 e6 3. Nc3 Nf6 4. e4 d6 5. Nf3 Be7 6. Bd3 {[%emt 0:01:54] E20:
Nimzo-Indian: 4 g3 and 4 f3.} Nbd7 7. Bf4 Nh5
{[%emt 0:03:25] [#]} 8. Be3 $146 {[%emt 0:00:06] White is better.} ({
Predecessor:} 8. Bg3 Nxg3 9. hxg3 e5 10. d5 O-O 11. b4 cxd5 12. Nxd5 Nf6 13.
Nxe7+ Qxe7 14. Nh4 {0-1 (35) Zecevic,I (1788)-Boskovic,M Podgorica 2007}) 8...
Nhf6 9. h3 h6 ({Black should try} 9... Qc7) 10. e5 $16 Nh7 11. h4 {[%emt 0:02:45] 0x0.0019881fa8bddp-1022s more active pieces.} d5 (11... dxe5 $142 12. dxe5 Nhf8) 12. cxd5 exd5
{[%emt 0:01:01] [#]} 13. Ne2 (13. e6 $1 $16 )
13... Ndf8 (13... Nb6 $14) 14. Ng3 Be6 (14... Ng6 $16 {was worth a try.}) 15. Qc2 Qd7 (15... Qa5+ $142 16. Bd2 Bb4) 16. Nh5 $18 g6 17. Ng7+ Kd8 18. Bxh6 Kc7 19. h5 Bg4 20. Bf4 {[%emt 0:14:30] e6+ is the strong threat.} (20. hxg6
Ng5 $16) 20... Ne6 21. Nxe6+ (21. hxg6 Nxf4
22. gxh7 Nxg2+ 23. Ke2 Nf4+ 24. Ke3 Ng2+ 25. Ke2 Nf4+ 26. Ke3 Ng2+ 27. Ke2 $11)
21... Qxe6 22. hxg6 Bxf3 $4 {[%emt 0:02:13]
A mistake that costs the game.} (22... fxg6 $16 {is a better defense.} 23.
O-O-O (23. Bxg6 Raf8 $16) 23... Rag8) 23. gxf3 (23. Rxh7 $142
Rxh7 24. gxh7 Bxg2 25. O-O-O) 23... Ng5 24. O-O-O (24. Ke2 $6 fxg6 25. Bxg5 (25. Bxg6 Nh3 $18) 25... Bxg5 26. Bxg6 Bf4 $18)
24... fxg6 25. Bxg6 (25. Rhg1 $142 Nh3 26.
Rxg6 Qxg6 27. Bxg6 Nxf4 28. Bf5) 25... Rhf8 (25... Rxh1 $142
26. Rxh1 Rf8) 26. Be3 Nxf3 27. Rh7 {[%emt 0:
00:50] Hoping for Bh5.} Rad8 28. Bh5 ({
Less strong is} 28. Qc5 Rd7 29. Qa5+ (29. Qxa7 Qxg6 30. Rh6 Qf5 $17) 29... Kb8
$16) 28... Kb8 29. Qg6 ({Weaker is} 29. Qb3
Rd7 30. Rh6 Qf5 $18) 29... Qxg6 30. Bxg6 {[%emt 0:00:05] This
bishop pair is nice.} Bg5 31. e6 Bxe3+ 32. fxe3 {[%emt 0:00:05] Black must
now prevent e7.} Rfe8 (32... Ng5 33. e7 Nxh7 34. Bxh7 (34.
exf8=B Nxf8 35. Bd3 Nd7 $11) 34... Kc7 35. exd8=R Kxd8) 33. e7 Rc8 34. Bxe8 Rxe8 35. Rf1 Ng5 36. Rf8 {[%emt 0:00:15] White mates.} Nxh7 37. Rxe8+ Kc7 {[%emt 0:00:01] [#]} 38. Rc8+
$3 {[%emt 0:00:00] Weighted Error Value: White=0.25 (precise) /Black=0.55} 1-0

[Event "44th Chess Olympiad Open 2022"]
[Site "Chennai"]
[Date "2022.07.29"]
[Round "1.69"]
[White "de Araujo, Helder"]
[Black "Abdyjapar, Asyl"]
[Result "0-1"]
[WhiteElo "1742"]
[BlackElo "2306"]
[Annotator "TA"]
[PlyCount "108"]
[EventDate "2022.??.??"]
[TimeControl "60"]

1. d4 Nf6 2. c4 g6 3. Nc3 Bg7 4. Nf3 d6 5. e4 O-O 6. Be2 e5 7. dxe5 dxe5 8. Qxd8 Rxd8 9. Bg5 Rf8 10. O-O Nc6 11. Rfd1 h6
{[%emt 0:00:21] E97: King's Indian: Classical Main Line (6...e5 7 0-0 Nc6): 8
Be3 and 8 d5 Ne7, not 9 Ne1.} 12. Bxf6 Bxf6 13. Nd5 Bd8 {[%emt 0:00:10] The position is equal.} 14. b4 {
[%emt 0:04:03] [#]} Bg4 $146 ({Predecessor:} 14... Re8 15. a4
Nd4 16. Nxd4 exd4 17. Rxd4 c6 18. Nc3 Bf6 19. Rd3 Be6 20. Rf3 Kg7 21. Rd1 g5 {
0-1 (32) Dominguez,F (1786)-Santillan,L (1827) Montevideo 2014}) 15. Rd3 (15. Rab1 $11) 15... Bxf3 ({Better is} 15...
f5 $17 16. h3 fxe4 17. hxg4 exd3 18. Bxd3 Nd4 19. Nxe5 c6) 16. Bxf3 $15 a5 17. b5 Nd4 18. Bd1 c6 19. Ne3 h5 20. bxc6 bxc6 21. Rb1 Be7 22. Nc2 (22. c5 $15)
22... Ne6 $1 $17 23. Rd7 Bc5 24. Kf1 (24. Ne1 $17 {is a better defense.}) 24... Rfd8 25. Rxd8+ Rxd8 ({Worse is} 
25... Nxd8 26. Ne1 $11) 26. Ke1 Nf4 27. Ne3 Bb4+ 28. Kf1 {[%emt 0:01:44] [#]} Rd2 $1 29. Bb3 Nd3 30. Rd1 Rxf2+ 31. Kg1 Rd2 {[%emt 0:00:17]
0x0.0023635d607fdp-1022s more active pieces.} 32. Rxd2 Bxd2
$19 {[%emt 0:00:05] Endgame KBN-KBN} 33. Nd1 Nc1 34. Ba4 Nxa2 35. Bxc6 Nb4 36. Bb5 Nd3 37. Kf1 (37. Bc6 $17) 37... Nc5 {[%emt 0:00:04] White must now prevent
...a4.} 38. Ke2 {[%emt 0:00:46] [#]} Bb4 ({Resist} 38... Nxe4
39. Bc6 $16) 39. Nf2 (39. Nb2 $142) 39... a4 {[%emt 0:02:32]
[%cal Ya5a4,Ya4a3] Strongly threatening ...a3.} 40. Nd3 Nxd3 41. Kxd3 {[%emt 0:30:16] KB-KB} a3 {[%emt 0:30:00] ( -> ...a2)}
42. Kc2 Kg7 {[%emt 0:00:14] Hoping for ...h4.} 43. Ba4 $2 (43. h4 Be7 44. Kb3) 43... h4 44. Bb3 f5 45. Kd3 Kf6 46. Ke3 Bc5+ 47. Kf3 Bg1 {[%emt 0:00:19] Threatens to win with ...Ke7.} 48. h3 Bd4 49. Ba2 Ke7 {[%emt 0:00:00] And now ...Kd6
would win.} 50. exf5 gxf5 51. g4 e4+ {[%emt 0:00:25][%cal Ye5e4,Ye4e3] Black mates.} 52. Kf4 e3 53. Kf3 fxg4+ 54.
hxg4 h3 {[%emt 0:00:04] Weighted Error Value: White=0.61/
Black=0.03 (flawless)} 0-1

[Event "44th Chess Olympiad Open 2022"]
[Site "Chennai"]
[Date "2022.07.29"]
[Round "1.69"]
[White "dos Reis, Tito"]
[Black "Tologontegin, Semetey"]
[Result "0-1"]
[WhiteElo "1658"]
[BlackElo "2378"]
[Annotator "ChessBase"]
[PlyCount "80"]
[EventDate "2022.??.??"]
[TimeControl "60"]

1. f4 d5 2. Nf3 Bg4 3. e3 Nd7 4. d4 e6 5. Bd3 c5 6. c3 f5 7. Nbd2 Ngf6 8. O-O Be7 9. Qe1 c4 10. Bc2 O-O 11. Ng5 Qb6 12. b3 h6 13.
Ngf3 Bxf3 14. Rxf3 cxb3 15. axb3 Rfc8 16. Bb2 Qc6 17. Bd3 Ne4 18. Bxe4 fxe4 19. Rf1 b5 20. Rc1 Nb6 21. Qe2 a5 22. f5 exf5 23. Rxf5 a4 24. b4 a3 25. Ba1 Bxb4 26. Qg4 Rf8 27. Re5 Bd6 28. Re6 Qd7 29. Qg6 Rad8 30. Rf1 Nc4 31. Nxc4 Rxf1+ 32. Kxf1 bxc4 33. g3 Qf7+ 34. Kg1 Qxg6 35. Rxg6 Kf7 36. Rg4 g5 37. h4 Kg6 38. Kg2 Kf5 39. Kh3 Rb8 40. hxg5 hxg5 0-1

[Event "44th Chess Olympiad Open 2022"]
[Site "Chennai"]
[Date "2022.07.29"]
[Round "1.70"]
[White "Mendoza, Rodrigo"]
[Black "Masiala Mayuku, Eddy"]
[Result "1-0"]
[WhiteElo "2215"]
[BlackElo "1574"]
[Annotator "NA RC"]
[PlyCount "83"]
[EventDate "2022.??.??"]
[TimeControl "60"]

1. d4 g6 2. e4 Bg7 3. Nc3 b6 4. Be3 Bb7 5. Qd2 Nf6 6. f3 c6 7. h4 a5 8. e5 Nd5 9. Nxd5 cxd5 10. h5 Rg8 11. Bd3 Qc7 12. Nh3 Nc6 13. Ng5 O-O-O 14. Nxf7 Rdf8 15. hxg6 hxg6 16. Ng5 Rh8 17. O-O-O Nb4 18. Bxg6 Kb8 19. a3 Na6 20. Bd3 Rc8 21. Nf7 Rhf8 22. e6 d6 23. Rh7 Rg8 24. Kb1 Qc6 25. f4 Qa4 26. f5 Nc7 27. Nh6 Bxh6 28. Bxh6 Nb5 29. Bxb5 Qxb5 30. Rxe7 Ba6 31. Bf4 Rcd8 32. f6 Qa4 33. f7 Rh8 34. Bxd6+ Rxd6 35. Qf4 Rhd8 36. Rd7 Rc8 37. Qxd6+ Ka8 38. b3 Qb5 39. f8=Q Qe2 40. Qc6+ Kb8 41. Qfd6+ Rc7 42. Qdxc7# 1-0

[Event "44th Chess Olympiad Open 2022"]
[Site "Chennai"]
[Date "2022.07.29"]
[Round "1.70"]
[White "Esungi, Guy Botetsi"]
[Black "Pinto, Daniel"]
[Result "0-1"]
[WhiteElo "1481"]
[BlackElo "2249"]
[Annotator "NA RC"]
[PlyCount "66"]
[EventDate "2022.??.??"]
[TimeControl "60"]

1. e4 e5 2. Nf3 Nc6 3. Bc4 Nf6 4. d3 Be7 5. O-O O-O 6. Nc3 d6 7. Bd2 Bg4 8. Be3 Na5 9. Nd5 Nxd5 10. Bxd5 c6 11. Bb3 Nxb3 12. cxb3 f5 13.
exf5 Rxf5 14. Rc1 Qf8 15. Rc4 Bh5 16. g4 Rxf3 17. gxh5 Qf5 18. h6 d5 19. Ra4 d4 20. Bd2 Rxd3 21. hxg7 Bg5 22. Qh5 Rxd2 23. h4 Kxg7 24. Qxg5+ Qxg5+ 25. hxg5 a6 26. Rb1 Rf8 27. Rf1 Rf5 28. Kh1 Rfxf2 29. Rxf2 Rxf2 30. Rc4 d3 31. Rc1 d2 32. Rd1 e4 33. Kg1 e3 0-1

[Event "44th Chess Olympiad Open 2022"]
[Site "Chennai"]
[Date "2022.07.29"]
[Round "1.71"]
[White "Ahmad, Md Siraj Munir"]
[Black "Saraci, Nderim"]
[Result "0-1"]
[WhiteElo "2035"]
[BlackElo "2495"]
[Annotator "TA"]
[PlyCount "56"]
[EventDate "2022.??.??"]
[TimeControl "60"]

1.
e4 e5 2. Nf3 Nc6 3. Nc3 Nf6 4. d4 exd4 5. Nxd4 Bb4 6. Nxc6 bxc6 7. Bd3 d5 8. exd5 O-O 9. O-O cxd5 10. Bg5 c6 11. Qf3 Re8 {[%emt 0:03:26] 11...h6 is a critical line.} 12. Bxf6 {[%emt 0:00:
00] C47: Scotch Four Knights and Four Knights with 4 g3.} Qxf6 13. Qxf6 gxf6 14. Rae1 {[%emt 0:01:20] The
position is equal.} Bd7 {[%emt 0:01:56] [#]} 15. a3 $146 ({
Predecessor:} 15. Re3 Rxe3 16. fxe3 Kg7 17. e4 Bxc3 18. bxc3 Rb8 19. exd5 cxd5
20. c4 dxc4 21. Bxc4 {½-½ (52) Garcia Fuentes,R (1447)-Lopez Perez,C (1399)
Havana 2018}) 15... Bd6 16. Ne2 c5 {[%emt 0:
00:00][%cal Yc6c5,Yc5c4] [#] aiming for ...c4.} 17. Ng3 c4 18. Bf5 Be6 19. c3 Rab8 $36 {[%emt 0:06:20] Black has good play.} 20. Bxe6 ({White should try} 20. Re2 $15) 20... fxe6 $17 21. Re2 Rb6 22. Nf5 Bc5 23. Ne3 {[%emt 0:00:30][%cal Ye3d5] [#] Black must now prevent Nxd5!} Kf7
{[%emt 0:00:50] Black is more active.} 24. Rfe1 (24. Rd1 $17)
24... Bxe3 $19 25. fxe3 Reb8 26. e4 (26. Rb1 {was the only defense.}) 26... Rxb2 {[%emt 0:
00:20] Black has a decisive advantage.} 27. exd5 Rxe2 ({And not} 27... exd5 28. Re7+ Kg6 29. Rf1 $17) 28. Rxe2 exd5 {[%emt 0:00:04] Weighted Error Value: White=0.22 (precise)
/Black=0.03 (flawless)} 0-1

[Event "44th Chess Olympiad Open 2022"]
[Site "Chennai"]
[Date "2022.07.29"]
[Round "1.71"]
[White "Sharikhan, Shawal"]
[Black "Asllani, Muhamet"]
[Result "0-1"]
[WhiteElo "1789"]
[BlackElo "2235"]
[Annotator "NA RC"]
[PlyCount "43"]
[EventDate "2022.??.??"]
[TimeControl "60"]

1. e4 e5 2. Nf3 Nc6 3. Bc4 Nf6 4. Ng5 d5 5. exd5 Na5 6.
Bb5+ c6 7. dxc6 bxc6 8. Be2 h6 9. Nf3 e4 10. Ne5 Bc5 11. c3 Qd5 12. d4 exd3 13. Nxd3 Bd6 14. Bf3 Qe6+ 15. Qe2 Qxe2+ 16. Bxe2 O-O 17. O-O Re8 18. Re1 Ba6 19. Be3 Nc4 20. Bf1 Ng4 21. Nd2 Ngxe3 22. fxe3 0-1

[Event "44th Chess Olympiad Open 2022"]
[Site "Chennai"]
[Date "2022.07.29"]
[Round "1.72"]
[White "Escalona Landi, Samid Eduardo"]
[Black "Sihlongonyane, Sikhanyiso"]
[Result "1-0"]
[WhiteElo "2191"]
[BlackElo "1658"]
[Annotator "RC"]
[PlyCount "83"]
[EventDate "2022.??.??"]
[TimeControl "60"]

1. Nf3 d5 2. c4 e6 3. b3 Nf6 4. Bb2 Be7 5. g3 O-O 6. Bg2 c5 7. O-O Nc6 8. e3 dxc4 9. bxc4 Qb6 10. Qb3 Qxb3 11. axb3 Rd8 12. d4 Bd7 13. Nc3 Nb4 14. Ne5 Bc6 15. Nxc6 Nxc6 16. d5 exd5 17. cxd5 Nb4 18. Rfd1 a6 19. Rac1 Rac8 20. Bh3 Rb8 21. e4 b5 22. Bf1 h6 23. Rd2 Ng4 24. Be2 f5 25.
exf5 Nf6 26. Rcd1 Rd6 27. Ba3 Rbd8 28. Bf3 Kf7 29. h4 Ke8 30. g4 h5 31. g5 Ng4 32. Ne4 Rb6 33. d6 Bf8 34. Nxc5 Rbxd6 35. Re2+ Kf7 36. Rxd6 Rxd6 37. Bxb4 Rd1+ 38. Kg2 a5 39. g6+ Kg8 40. Re8 Nf6 41. Ra8 Rc1 42. Ne6 1-0

[Event "44th Chess Olympiad Open 2022"]
[Site "Chennai"]
[Date "2022.07.29"]
[Round "1.72"]
[White "Hlophe, Smilo"]
[Black "Castro Torres, Jose Luis"]
[Result "0-1"]
[WhiteElo "1731"]
[BlackElo "2326"]
[Annotator "TA"]
[PlyCount "109"]
[EventDate "2022.??.??"]
[TimeControl "60"]

1. d4 Nf6 2. c4 g6 3. g3 Bg7 4. Bg2 d6 5. Nc3 O-O 6. Nf3 Nc6 7. d5 Na5 8. Qd3 c5 9. O-O a6 10. Rb1 b5 {[%emt 0:09:21] aiming for ...b4. E66: King's Indian:
Fianchetto: 6...c5 7 0-0 Nc6 8 d5.} 11. cxb5 c4 12. Qd1 axb5 {[%emt 0:03:06] Black is slightly better.}
13. Nxb5 Bf5 14. Ra1 {[%emt 0:00:22] [#]} Nb3
$1 15. axb3 Rxa1 16. bxc4 Qc8 (16... Bd7 $5 ) 17. b3 Ne4 (17... Bd7 $11 {keeps
the balance.}) 18. Nfd4 $16 Nc5 {[%emt 0:00:14] [#]} (18...
Re8 $142) 19. Nc6 $146 ({Predecessor:} 19. Re1 Bh6 20. f4 Bg7
21. e4 Bh3 22. Nc6 Re8 23. b4 Bxg2 24. bxc5 Bh3 25. Qe2 {½-½ (41) Elarbi,A 
(2286)-Nafri,K (2157) Nouakchott 2013}) 19... Re8 20. Nbd4 {
[%emt 0:00:37] Pair of Knights!} (20. b4 $16 Na6 21. Qb3) 20... Be4 ({Black should play} 20... Bh6 $14 21. f4 (21. Nxf5 Qxf5 22. Nd4 Qd7
$11) 21... e5 22. dxe6 Bxe6) 21. b4 $1 Bxg2 22. Kxg2 Nd7 23. Qc2 ({
White should try} 23. e4 $16) 23... Nb6 (23... Bxd4 $11 24.
Nxd4 Qa8) 24. Nb3 $1 Ra8 25. e4 e6 26. Be3 exd5 27.
cxd5 Nd7 {[%emt 0:00:27] [#]} (27... Qa6 $16 {might work
better.}) 28. Rc1 (28. b5 $1 $18) 28... Qa6 29. Bd4 (29. Nba5 $16) 29... Qa2 $14 30. Bxg7 Qxc2 31. Rxc2 Kxg7 32. f3 Ra3 33. Nbd4 ({Better is} 33. Nba5 $1 $14) 33... Rea8 $1 $11 34. Nb5 Ra2 35. Rf2 Ne5 ({Don't take} 35... Rxf2+ 36. Kxf2 Ra2+ 37. Ke3 $16) 36. Nxd6 Nd3 {[%emt 0:00:02] Pin} 37. Rxa2 Rxa2+ {
[%emt 0:00:01] Endgame KRN-KNN} 38. Kh3 Rb2 39. b5 {[%emt 0:00:11] Black must now prevent e5.} h5 (39...
Nf2+ $11 40. Kh4 f6) 40. e5 $16 {[%emt 0:07:23] Strongly threatening e6.} g5 {
[%emt 0:00:52] [#]} (40... Nf2+ $16 41. Kh4 f6) 41. Nf5+ $2 (
41. Ne4 $1 $18 Rxb5 42. e6 fxe6 43. dxe6) 41... Kg6 $11 42.
Nfd4 (42. Nce7+ $11 Kh7 43. e6 Nf2+ 44. Kg2 Ng4+ 45. Kh1 Rb1+
46. Kg2 Rb2+ 47. Kh1 Rb1+ 48. Kg2 Rb2+) 42... f5 (42... Nf2+
$1 $15 43. Kg2 Ng4+ 44. Kh1 Rb1+ 45. Kg2 Ne3+ 46. Kf2 Nxd5) 43. Ne7+ Kf7 44. Nexf5 Nxe5 45. g4 ({Reject} 45. f4 Ng4 46. Nf3 Nf2+ 47. Kg2 Nd3+ 48. Kg1
gxf4 49. Nd6+ Ke7 50. Nf5+ Kf6 $17) 45... h4 46. f4 gxf4 47. Kxh4 Rxh2+ 48. Kg5 f3 {[%emt 0:00:00] ...f2 is
the strong threat.} 49. Kf4 $2 (49. Ne3 $15) 49... f2 $19 50. Ne3 {[%emt 0:00:00] [#]} (50. Ng3 $142 Rh3 51. Nf1 Ng6+ 52.
Kg5) 50... Nc4 $1 {[%emt 0:00:00] ( -> ...Nxe3)} 51. Ndf5 (51.
Nf1 Rh1) 51... Nxe3 {[%emt 0:00:00] Black mates.} 52. Nxe3 Rh3 53. Nf1 Rh1 54. Ng3 Rg1 55. Ke4 {[%emt 0:04:01] What a fight!
Weighted Error Value: White=0.59/Black=0.22 (precise)} 0-1

[Event "44th Chess Olympiad Open 2022"]
[Site "Chennai"]
[Date "2022.07.29"]
[Round "1.73"]
[White "Mwali, Chitumbo"]
[Black "McCoy, Tom"]
[Result "1-0"]
[WhiteElo "2320"]
[BlackElo "1812"]
[Annotator "TA"]
[PlyCount "27"]
[EventDate "2022.??.??"]
[TimeControl "60"]

1.
c4 e5 2. g3 Nf6 3. Bg2 Nc6 4. Nc3 Bb4 5. Nd5 O-O 6. e3 {[%emt 0:00:
00] A25: English Opening vs King's Indian with ...Nc6 but without early d3.} d6 7. Ne2 Re8 8. O-O {[%emt 0:
00:00] White is slightly better.} (8. a3 $5 Ba5 9. b4 $11) 8...
Bg4 9. h3 {[%emt 0:00:57] [#]} Be6 $146 ({
Predecessor:} 9... Bh5 10. a3 Bc5 11. b4 Bb6 12. Bb2 Nxd5 13. cxd5 Ne7 14. f4
f6 15. g4 Bf7 16. fxe5 fxe5 {1-0 (46) Karavaeva,O (2260)-Yedidia,D (1991)
Chess.com INT 2021}) 10. a3 Bc5 {[%emt 0:01:41] [#]} (10...
Ba5 $14) 11. d4 $1 $18 exd4 12. exd4 Bxd5 13. cxd5 Rxe2 $2 (13... Nxd4 14. Nxd4 Nd7) 14. dxc6 {[%emt 0:
00:37] White took control after the opening. Weighted Error Value: White=0.05 
(flawless) /Black=0.92} ({Not} 14. Qxe2 Nxd4 15. Qd1 Nd7 $16) 1-0

[Event "44th Chess Olympiad Open 2022"]
[Site "Chennai"]
[Date "2022.07.29"]
[Round "1.73"]
[White "Fancy, Stuart"]
[Black "Bwalya, Gillan"]
[Result "0-1"]
[WhiteElo "1984"]
[BlackElo "2396"]
[Annotator "ChessBase"]
[PlyCount "82"]
[EventDate "2022.??.??"]
[TimeControl "60"]

1. Nc3 d5 2. d4 Nf6 3. Bg5 Nbd7 4. Nf3 c6 5. g3 Qb6 6. Rb1 Ne4 7. Bd2 h6 8. Bg2 Ndf6 9. O-O Bf5 10. Be1 e6 11. Ne5 Bd6 12. Kh1 Nxc3 13.
Bxc3 O-O 14. f3 c5 15. e4 Bh7 16. dxc5 Bxc5 17. Qe1 Rfc8 18. Nd3 Bd4 19. e5 Nd7 20. f4 Bxc3 21. bxc3 Qc6 22. c4 Qxc4 23. Rxb7 Qc6 24. Rb3 Qxc2 25. f5 Rab8 26. Nb4 Qc4 27. Nxd5 exd5 28. e6 Nf6 29. exf7+ Kf8 30. Qe5 Rxb3 31. Qd6+ Kxf7 32. Qe6+ Kf8 33. Qd6+ Kg8 34. axb3 Qc7 35. Bxd5+ Kh8 36. Qxc7 Rxc7 37. Be6 Bg8 38. Bxg8 Kxg8 39. Rf3 Rb7 40. Kg2 Kf7 41. h3 Ne4 0-1

[Event "44th Chess Olympiad Open 2022"]
[Site "Chennai"]
[Date "2022.07.29"]
[Round "1.73"]
[White "Jones, Rupert"]
[Black "Phiri, Richmond"]
[Result "0-1"]
[WhiteElo "1766"]
[BlackElo "2293"]
[Annotator "ChessBase"]
[PlyCount "66"]
[EventDate "2022.??.??"]
[TimeControl "60"]

1. e4 c5 2. Nf3 e6 3. d4 cxd4 4. Nxd4 a6 5. Be2 Nf6 6. Nc3 d6 7. O-O Be7 8. Be3 O-O 9. a4 Qc7 10. a5 Bd7 11. f3 Nc6 12. Nb3 Nb4 13.
Bb6 Qc8 14. Rc1 e5 15. Nd5 Nbxd5 16. exd5 Ba4 17. Ra1 Bb5 18.
Bxb5 axb5 19. Qd2 Qc4 20. Rfd1 Rfc8 21. Rac1 Nd7 22. Qf2 Nxb6 23. Qxb6 Bg5 24. Ra1 Qxc2 25. Qxb5 h5 26. Qd3 Qxb2 27. Rdb1 Qc2 28. Qxc2 Rxc2 29. Ra4 Be3+ 30. Kh1 Rac8 31. Rb4 R8c7 32. h3 Ra2 33. Rb5 Rcc2 0-1

[Event "44th Chess Olympiad Open 2022"]
[Site "Chennai"]
[Date "2022.07.29"]
[Round "1.74"]
[White "Msellek, Ilyass"]
[Black "Koumba, Mounguen Jose Evrar"]
[Result "1-0"]
[WhiteElo "2398"]
[BlackElo "1942"]
[Annotator "TA"]
[PlyCount "85"]
[EventDate "2022.??.??"]
[TimeControl "60"]

1. e4 c5 2. Nf3 d6 3. Bb5+ Bd7 4. Bxd7+ Qxd7 5. O-O Nc6 6. c3 Nf6 7. Re1 g6 8. d4 cxd4 9. cxd4 e5 {[%emt 0:02:48] B52: Sicilian: Moscow Variation with 3...Bd7.} 10.
Nc3 Bg7 11. h3 O-O {[%emt 0:
00:00] White is slightly better.} 12. Bg5 {[%emt 0:00:25] [#]} Nh5 $146 (12... exd4 $14 13. Nxd4 h6 14. Bxf6 Bxf6) ({Predecessor:} 
12... Nxd4 13. Nxd4 exd4 14. Qxd4 Ng4 15. Qd2 h6 16. Bf4 g5 17. hxg4 gxf4 18.
Qxf4 Be5 19. Qxh6 Qxg4 20. Nd5 f6 21. Ne7+ Kf7 22. Qh7+ Ke8 23. Nf5 Rf7 24.
Qxf7+ {1-0 (24) Francisco Guecamburu,C (2223)-Correa,L (1792) Neuquen 2022})
13. dxe5 $16 Nxe5 (13... h6 $16 {keeps
fighting.}) 14. Nd5 Rae8 {[%emt 0:07:43] [#]} (14... f6 $16)
15. Rc1 $1 $18 {[%emt 0:07:52] Threatens to win with Rc7.} Nc6 16. g4 h6 17. Bd2 {[%emt 0:01:34] 0x0.
002089403da9dp-1022s more active pieces.} (17. gxh5 $142 {Strongly threatening
Bf6.} hxg5 18. h6 (18. Nxg5 f6 $11)) 17... Nf6 $16 18. Nxf6+ Bxf6 19. Bxh6 Bg7 20. Qd2 $36 {[%emt 0:00:41] White is really pushing.} Re6 (20... Ne5 $16 21. Nxe5 Bxh6) 21. Bxg7 $18 Kxg7 22. Nd4 Rf6 {[%emt 0:05:43] [#]} (22... Nxd4 23. Qxd4+
Kg8 24. Qxa7 Qe7) 23. Nxc6 bxc6 24. Qc3 g5 25. e5 dxe5 26. Rxe5 Kg6 27. Qe3 Rf4 28. Re4 Rf6 $2 (28...
Rxe4 29. Qxe4+ Kg7 30. Rxc6 Re8) 29. Rc5 Qd6 (29... Kh7 $142 30. Rxg5 Rg6 31. Rh5+ Kg8) 30.
Rxg5+ Kh7 31. Rh5+ Kg7 32. Ree5 Rd8 33. Reg5+ Rg6 34. Qc3+ f6 35. Rxg6+ Kxg6 {[%emt 0:00:09] Endgame KQR-KQR} 36. Qe3 Kf7 37. Qxa7+ Ke6 38. Kg2 Qb4 (38... Qd4 $142 39. Qh7
Rd7) 39. Qe3+ Kd6 40. a3 Qxb2 41. Qd3+ {[%emt 0:30:22] White mates.} Kc7 42. Rh7+ Kc8 43. Qa6+ {[%emt 0:00:05]
Weighted Error Value: White=0.72/Black=0.53} 1-0

[Event "44th Chess Olympiad Open 2022"]
[Site "Chennai"]
[Date "2022.07.29"]
[Round "1.74"]
[White "Hadj Kholti, Yasser"]
[Black "Bongo Ngombele, Tary"]
[Result "1-0"]
[WhiteElo "1871"]
[BlackElo "1688"]
[Annotator "NA RC"]
[PlyCount "69"]
[EventDate "2022.??.??"]
[TimeControl "60"]

1. e4 e5 2. Nf3 Nc6 3. c3 Nf6 4. d4 exd4 5. e5 Nd5 6. cxd4 d6 7. Bb5 a6 8. Bxc6+ bxc6 9. O-O Be7 10. exd6 cxd6 11. Nc3 Nf6 12. d5 c5 13. Re1 O-O 14. h3 h6 15. Qd3 Rb8 16. Nd2 Bb7 17. Nc4 Qc7 18.
Bf4 Nh5 19. Rxe7 Qxe7 20. Bxd6 Qg5 21. Qf3 Rbd8 22. Bxf8 Kxf8 23. Rd1 Nf6 24. Ne3 Qe5 25. Ng4 Qh5 26. Qe3 Nxg4 27. Qxc5+ Kg8 28. Qc7 Rxd5 29. Nxd5 Ne5 30. Ne7+ Kh7 31. Rd8 Nf3+ 32. gxf3 Qxf3 33. Rh8+ Kxh8 34. Qd8+ Kh7 35. Qg8# 1-0

[Event "44th Chess Olympiad Open 2022"]
[Site "Chennai"]
[Date "2022.07.29"]
[Round "1.75"]
[White "Guzman, Christopher"]
[Black "Brookfield, Toby"]
[Result "1-0"]
[WhiteElo "2243"]
[BlackElo "1815"]
[Annotator "NA RC"]
[PlyCount "67"]
[EventDate "2022.??.??"]
[TimeControl "60"]

1. e4 c5 2. Nf3 d6 3. d4 cxd4 4. Nxd4 Nf6 5. Nc3 g6 6. Be3 Bg7 7. Be2 O-O 8. Qd2 Nc6 9. O-O-O d5 10. Nxc6 bxc6 11. exd5 Nxd5 12. Nxd5 cxd5 13. Qxd5 Qc7 14. Qc5 Qb7 15. Qa3 Rb8 16. b3 Bf5 17. g4 Bxc2 18. Kxc2 Rbc8+ 19. Bc4 Qe4+ 20. Kd2 Rfd8+ 21. Ke2 Qc2+ 22. Rd2 Rxd2+ 23. Bxd2 Qe4+ 24. Be3 Qxh1 25. Qxe7 Qg2 26.
Bxf7+ Kh8 27. Qd7 Rf8 28. h4 Qe4 29. Bd5 Qc2+ 30. Kf1 Qc3 31.
Kg2 Qf6 32. Qxa7 Qxh4 33. Qd7 Bh6 34. Bd4+ 1-0

[Event "44th Chess Olympiad Open 2022"]
[Site "Chennai"]
[Date "2022.07.29"]
[Round "1.75"]
[White "Nevska, Gerda"]
[Black "Munoz Santana, Jose Lisandro"]
[Result "0-1"]
[WhiteElo "1840"]
[BlackElo "2423"]
[Annotator "TA"]
[PlyCount "54"]
[EventDate "2022.??.??"]
[TimeControl "60"]

1. c4 e5 2. Nc3 Bb4 3. e4 Bxc3 4. bxc3 Nf6 5. Ba3 d6 6. d3 {[%emt 0:03:53] A21: English Opening:
1...e5 2 Nc3.} O-O {[%emt 0:00:20] [#]} 7. Rb1 $146 ({
Predecessor:} 7. Nf3 Bg4 8. Be2 Nbd7 9. O-O Nb6 10. Qc2 Nbd7 11. Rab1 b6 12.
Rfd1 Ne8 13. d4 {1-0 (36) Buerger,T-Orlin,F Waldshut Tiengen 2014}) 7... Re8 8. Ne2 {[%emt 0:05:52] The position is equal.} c6 9. Ng3 d5 10. cxd5 cxd5 11. Be2 Qa5 12. Bb4 Qc7 {[%emt 0:00:09] [#] aiming for ...a5.} 13. c4 dxc4 14. dxc4 Rd8 {[%emt 0:01:48]
Against Bd6} 15. Qc2 Nc6 16. O-O Be6 17. Bc3 Rac8 18.
Qb2 b6 19. Rfd1 Nd7 20. Nf1 Nc5 21. f3 {[%emt 0:00:48] [#]} (21. Rxd8+ $17 Rxd8 22. Nd2) 21...
Na4 $1 $19 {[%emt 0:13:24] Pair of Knights!} 22. Qa3 Nxc3 23. Qxc3 Nd4 24. Kf2 Nxe2 ({Not} 24... Bxc4 25. Qxc4 Qxc4 26. Bxc4
Rxc4 27. Ne3 $17) 25. Kxe2 Rxd1 26. Rxd1 Qxc4+ ({Worse is} 26... Bxc4+ 27. Kf2 $17) 27.
Qd3 $2 (27. Qxc4 Bxc4+ 28. Ke1) 27... Rd8 {[%emt 0:00:46]
Weighted Error Value: White=0.45/Black=0.04 (flawless)} 0-1

[Event "44th Chess Olympiad Open 2022"]
[Site "Chennai"]
[Date "2022.07.29"]
[Round "1.75"]
[White "Morgan, Jamie"]
[Black "Arvelo Leo, Gian Carlo"]
[Result "1/2-1/2"]
[WhiteElo "1753"]
[BlackElo "2176"]
[Annotator "ChessBase"]
[PlyCount "65"]
[EventDate "2022.??.??"]
[TimeControl "60"]

1. e4 c5 2. Nc3 e6 3. Nge2 Nc6 4. g3 d5 5. exd5 exd5 6. d4 Bg4 7. Bg2 Nxd4 8.
h3 Bf3 9. Kf1 Nf6 10. Bxf3 Nxf3 11. Kg2 Ne5 12. Re1 Bd6 13. Nxd5 O-O 14. Bg5 Ned7 15. Nec3 Be5 16. Qf3 h6 17. Nxf6+ Bxf6 18. Bxf6 Nxf6 19. Rad1 Qb6 20. Na4 Qc7 21. c4 Rad8 22. Nc3 b6 23. Nb5 Qb8 24. Re7 Rxd1 25. Qxd1 Rd8 26. Qf3 a6 27. Nc7 Kf8 28. Nxa6 Qd6 29. Ra7 Qd4 30. Ra8 Kg8 31. Nc7 Rxa8 32. Qxa8+ Kh7 33. Qf3 1/2-1/2